 Dungeon Crawl Stone Soup version 0.30-a0-335-ge5acde7520 (webtiles) character file.

Game seed: 4510589770937326197

12929 MorBilly the Thaumaturge (level 11, -3/47 HPs)
             Began as a Spriggan Fire Elementalist on Oct 23, 2022.
             Was a Priest of Sif Muna.
             Hit by a javelin thrown by a minotaur (21 damage)
             ... on level 1 of the Lair of Beasts on Nov 7, 2022.
             The game lasted 06:37:48 (18181 turns).

MorBilly the Thaumaturge (SpFE)                    Turns: 18181, Time: 06:37:49

Health: -3/47      AC:  5    Str: 10    XL:     11   Next: 68%
Magic:  21/28      EV: 22    Int: 20    God:    Sif Muna [***...]
Gold:   736        SH:  0    Dex: 17    Spells: 27/34 levels left

rFire   x . .      SeeInvis +    B - +2 dagger (protect)
rCold   + + .      Faith    .    (no shield)
rNeg    . . .      Spirit   .    Z - +2 robe {rC+}
rPois   .          Reflect  .    (helmet restricted)
rElec   .          Harm     .    y - +0 cloak
rCorr   .          Rampage  .    (gloves unavailable)
Will    +....                    (boots unavailable)
Stlth   +++++.....               (no amulet)
HPRegen 0.27/turn                Q - ring of ice
MPRegen 0.21/turn                N - +6 ring of strength

@: very quick
A: very small, no large weapons, unfitting armour, see invisible, speed 3
a: Renounce Religion, Channel Magic, Forget Spell


You were on level 1 of the Lair of Beasts.
You worshipped Sif Muna.
Sif Muna was most pleased with you.
You visited 3 branches of the dungeon, and saw 11 of its levels.
You also visited: Bailey.

You collected 737 gold pieces.
You spent 1 gold pieces at shops.

Inventory:

Hand Weapons
 c - a +0 long sword of electrocution
 d - a +2 dagger of venom
 h - a +1 dagger of draining
 z - a +4 spectral quarterstaff
 B - a +2 dagger of protection (weapon)
 R - the +7 quarterstaff "Acwufu" {flame, Str+6}
   (You found it on level 8 of the Dungeon)

   It burns those it strikes, dealing additional fire damage.
   Str:       It affects your strength (+6).
Missiles
 g - 114 stones
 j - a curare-tipped dart
 p - 44 poisoned darts
 H - a throwing net
Armour
 y - a +0 cloak (worn)
 E - +0 swamp dragon scales
 Z - a +2 robe of cold resistance (worn)
Magical Staves
 F - a staff of air
Jewellery
 k - a ring of protection from fire
 r - a ring of resist corrosion
 x - a ring of poison resistance
 J - a ring of willpower
 N - a +6 ring of strength (right hand)
 Q - a ring of ice (left hand)
 Y - a +6 ring of strength
Wands
 b - a wand of quicksilver (2) (quivered)
 i - a wand of mindburst (13)
 w - a wand of flame (9)
 U - a wand of polymorph (3)
 V - a wand of charming (4)
 X - a wand of digging (6)
Scrolls
 m - 2 scrolls of amnesia
 q - a scroll of immolation
 I - a scroll of fear
 M - 8 scrolls of enchant weapon
 O - 2 scrolls of enchant armour
 P - a scroll of teleportation
 S - a scroll of vulnerability
 W - a scroll of poison {unknown}
Potions
 e - 3 potions of haste
 f - 2 potions of lignification
 l - 2 potions of degeneration
 n - 2 potions of cancellation
 o - a potion of flight {unknown}
 s - 3 potions of brilliance
 t - 2 potions of attraction
 u - a potion of ambrosia {unknown}
 v - 4 potions of mutation
 A - a potion of curing
 C - a potion of berserk rage {unknown}
 D - a potion of resistance
 G - 2 potions of magic
 K - a potion of invisibility
 L - a potion of might {unknown}
Miscellaneous
 T - a phantom mirror


   Skills:
 + Level 8.0 Dodging
 - Level 11.1 Stealth
 - Level 12.1 Spellcasting
 - Level 0.6 Conjurations
 + Level 3.3 Hexes
 * Level 8.1 Fire Magic
 - Level 6.3 Air Magic
 - Level 5.4 Invocations
 - Level 3.1 Evocations


You had 27 spell levels left.
You knew the following spells:

 Your Spells              Type           Power      Damage    Failure   Level
a - Foxfire               Conj/Fire      100%       2x1d9     1%          1
b - Scorch                Fire           88%        2d9       1%          2
c - Summon Small Mammal   Summ           48%        N/A       5%          1
d - Inner Flame           Hex/Fire       35%        N/A       1%          3

Your spell library contained the following spells:

 Spells                   Type           Power      Damage    Failure   Level
 Kindle Blastsparks       Fire/Tloc/Air  62%        2d15      2%          3
 Apportation              Tloc           24%        N/A       5%          1
 Necrotise                Necr           48%        1d6       5%          1
 Summon Guardian Golem    Hex/Summ       18%        N/A       9%          3
 Flame Wave               Conj/Fire      29%        2d9       9%          4
 Summon Lightning Spire   Summ/Air       24%        N/A       16%         4
 Call Canine Familiar     Summ           12%        N/A       17%         3
 Storm Form               Tmut/Air       12%        N/A       100%        7
 Maxwell's Capacitive Co  Air            18%        ∞         100%        8


Dungeon Overview and Level Annotations

Branches:
Dungeon (9/15)             Temple (1/1) D:6            Lair (1/5) D:9
 Bailey (visited)
    Orc: D:9-12

Altars:
Ashenzari
Dithmenos
Elyvilon
Fedhas
Kikubaaqudgha
Makhleb
Nemelex Xobeh
Ru
Sif Muna
Uskayaw
Wu Jian
Yredelemnul
Zin
The Shining One

Shops:
D:2 *   D:6 (!*:

Annotations:
Lair:1 hofbold's ghost, journeyman DrAr


Innate Abilities, Weirdness & Mutations

You are very small and have problems with some larger weapons.
You are too small for most types of armour.
You have supernaturally acute eyesight. (SInv)
You cover ground extremely quickly. (Speed+++)


Message History

Your rat dies!
Your rat's corpse disappears in a puff of smoke!
Casting: Inner Flame (safe; 1% risk of failure)
Confirm with . or Enter, or press ? or * to list all spells.
You conjure some foxfire!
You swap places.
You see here a blink frog skeleton.
You see here a cane toad skeleton.
Your bat barely misses the minotaur.
Casting: Foxfire (safe; 1% risk of failure)
Confirm with . or Enter, or press ? or * to list all spells.
You conjure some foxfire!
Your bat hits the minotaur but does no damage.
The minotaur hits your bat!
Your bat's corpse disappears in a puff of smoke!
Your bat explodes!
The fiery explosion engulfs the minotaur.
The minotaur is lightly wounded.
The foxfire hits the minotaur.
The minotaur is lightly wounded.
The foxfire hits the minotaur but does no damage.
The minotaur is lightly wounded.
Hofbold's ghost casts a spell.
Hofbold's ghost blinks!
Casting: Foxfire (safe; 1% risk of failure)
Confirm with . or Enter, or press ? or * to list all spells.
Hofbold's ghost boasts, "I have defeated monsters you have never seen."
The minotaur is engulfed in blazing flames.
Casting: Summon Small Mammal (safe; 5% risk of failure)
Confirm with . or Enter, or press ? or * to list all spells.
The minotaur throws a javelin.
The javelin pierces through your rat!!
Your rat dies!
Your rat's corpse disappears in a puff of smoke!
The javelin pierces through you!!
Ouch! That really hurt!
Your rat bites the minotaur but does no damage.
Casting: Summon Small Mammal (safe; 5% risk of failure)
Confirm with . or Enter, or press ? or * to list all spells.
The minotaur throws a javelin.
The javelin pierces through you!!
You die...

..................#
#...##...........####
#...##.#########....#
....##.#W.#.#..#....#####
.......##.[!$.##........#
.......# #...#.#....##..#
.....#.###.##..#.######.#
..P##..#.#...#.#.######.##
#.####.#.##..#W#@........##
#.# ##.#.......#.r.......P#
#.###..###'''###........###
..§......÷÷.rH.H.......##
.....######....#.......#
#....# #P..........###
.....# #......##...###
.....## ##............#
..##..# ##..........##


You could see a minotaur and a friendly quokka (summoned).

Vanquished Creatures
  A rakshasa (D:8)
  The ghost of ThisWasInevitable the Basher, a novice TrGl of Gozag (D:7)
  A boulder beetle (D:8)
  A two-headed ogre (D:8)
  Pikel (D:5)
  2 orc knights (Bailey)
  A cyclops (D:8)
  A cane toad (Lair:1)
  Maggie (D:6)
  A rime drake (Lair:1)
  3 komodo dragons (Lair:1)
  A troll (D:8)
  3 blink frogs (Lair:1)
  A jumping spider (shapeshifter) (D:8)
  3 yaks
  3 wyverns
  Eustachio (D:5)
  4 steam dragons
  A wraith (D:9)
  Menkaure (D:6)
  2 wargs (D:9)
  4 water moccasins
  11 orc warriors
  2 sky beasts (D:8)
  3 black bears
  2 ogres
  2 centaurs (D:8)
  A phantom (D:5)
  A bullfrog (Lair:1)
  4 kobold brigands
  3 scorpions
  5 wights
  A killer bee (D:8)
  3 electric eels (D:8)
  3 orc priests
  A hound (D:4)
  Crazy Yiuf (D:4)
  3 jellies
  A gnoll bouda (D:8)
  3 iguanas
  13 orc wizards
  7 gnolls
  7 adders
  2 shadow imps
  A white imp (D:4)
  A worm (D:4)
  4 dart slugs
  56 orcs
  3 ball pythons
  9 endoplasms
  4 giant cockroaches
  8 goblins
  5 hobgoblins
  2 jackals (D:1)
  3 quokkas
  8 bats
  2 frilled lizards (D:1)
  23 kobolds
  3 rats
249 creatures vanquished.

Vanquished Creatures (collateral kills)
  An ogre (D:7)
  3 orcs (Bailey)
  4 foxfires
8 creatures vanquished.

Vanquished Creatures (others)
  2 orc wizards
  1111 foxfires
  2 fungi
  7 plants
1122 creatures vanquished.

Grand Total: 1379 creatures vanquished

Notes
Turn   | Place    | Note
-------+----------+-------------------------------------------
     0 | D:1      | MorBilly the Spriggan Fire Elementalist began the quest for
                  | the Orb.
     0 | D:1      | Reached XP level 1. HP: 9/9 MP: 5/5
   322 | D:1      | Reached skill level 3 in Spellcasting
   322 | D:1      | Reached XP level 2. HP: 13/13 MP: 2/7
  1557 | D:2      | Found a faded altar of an unknown god.
  1568 | D:2      | Reached XP level 3. HP: 10/16 MP: 2/8
  1638 | D:2      | Found Zujock's General Store.
  1646 | D:2      | Bought a stone for 1 gold piece
  2643 | D:3      | Learned a level 2 spell: Scorch
  2914 | D:3      | Reached skill level 4 in Spellcasting
  2919 | D:3      | Reached XP level 4. HP: 21/21 MP: 7/11
  3490 | D:3      | Reached skill level 5 in Stealth
  3833 | D:4      | Noticed an ogre
  3912 | D:4      | Killed an ogre
  3913 | D:4      | Reached skill level 5 in Spellcasting
  3913 | D:4      | Reached XP level 5. HP: 24/24 MP: 5/14
  4208 | D:4      | Reached XP level 6. HP: 28/28 MP: 6/15
  4305 | D:4      | Reached skill level 6 in Spellcasting
  4897 | D:4      | Found a shadowy altar of Dithmenos.
  5347 | D:4      | Reached skill level 7 in Spellcasting
  5766 | D:4      | Found a runed translucent door.
  5767 | D:4      | Noticed Crazy Yiuf
  5790 | D:4      | Killed Crazy Yiuf
  5791 | D:4      | Reached XP level 7. HP: 32/32 MP: 12/18
  5871 | D:5      | Entered Level 5 of the Dungeon
  6135 | D:5      | Reached skill level 8 in Spellcasting
  6234 | D:5      | Found a burning altar of Makhleb.
  6236 | D:5      | Noticed a cacodemon
  6242 | D:5      | Noticed a hellwing
  6242 | D:5      | Noticed a neqoxec
  6349 | D:5      | Noticed Eustachio
  7333 | D:5      | Noticed Pikel
  7460 | D:5      | Killed Pikel
  7461 | D:5      | Reached skill level 10 in Spellcasting
  7461 | D:5      | Reached XP level 8. HP: 35/36 MP: 8/23
  7771 | D:5      | Reached skill level 10 in Stealth
  8108 | D:5      | Upgraded the game from 0.30-a0-305-g026cb31310 to
                  | 0.30-a0-311-gf115ab0292
  8214 | D:6      | Noticed Maggie
  8338 | D:5      | Killed Eustachio
  8581 | D:6      | Reached skill level 11 in Spellcasting
  8692 | D:6      | Found a staircase to the Ecumenical Temple.
  8708 | Temple   | Entered the Ecumenical Temple
  8725 | Temple   | Became a worshipper of Sif Muna the Loreminder
  8758 | D:6      | Found Yloezef's Book Emporium.
  8880 | D:6      | Noticed Menkaure
  8888 | D:6      | Killed Menkaure
  8889 | D:6      | Reached XP level 9. HP: 22/39 MP: 15/25
  8953 | D:6      | Upgraded the game from 0.30-a0-311-gf115ab0292 to
                  | 0.30-a0-313-gae38170b09
  8960 | D:6      | Upgraded the game from 0.30-a0-313-gae38170b09 to
                  | 0.30-a0-325-gb515db48ae
  8976 | D:6      | Found a glowing golden altar of the Shining One.
  9109 | D:6      | Found Luplepli's Distillery.
  9110 | D:6      | Found Hemirago's Assorted Antiques.
  9111 | D:6      | Found Rothrurhe's Weapon Shoppe.
  9111 | D:6      | Found Xablos's Assorted Antiques.
  9131 | D:6      | Identified the +4 whip of Wrongful Imprisonment {pain,
                  | Str+5 Stlth-}
  9330 | D:6      | Killed Maggie
  9331 | D:6      | Reached skill level 5 in Dodging
  9672 | D:6      | Reached skill level 1 in Evocations
  9833 | D:7      | Learned a level 1 spell: Summon Small Mammal
  9914 | D:7      | Reached * piety under Sif Muna
  9915 | D:7      | Reached skill level 12 in Spellcasting
 10298 | D:7      | Found a runed translucent door.
 10300 | D:7      | Noticed ThisWasInevitable's ghost (novice TrGl)
 10388 | D:7      | Found a hide-covered altar of Uskayaw.
 10388 | D:7      | Found a broken altar of Ashenzari.
 10692 | D:7      | Killed ThisWasInevitable's ghost
 11185 | D:8      | Noticed a rakshasa
 11389 | D:8      | Reached XP level 10. HP: 24/44 MP: 2/27
 11594 | D:8      | Found a flagged portal.
 11620 | Bailey   | Entered a bailey
 11631 | Bailey   | Reached ** piety under Sif Muna
 11982 | Bailey   | Noticed an orc knight
 11984 | Bailey   | Reached skill level 1 in Invocations
 12036 | Bailey   | Killed an orc knight
 12037 | Bailey   | Reached skill level 5 in Fire Magic
 12152 | Bailey   | Noticed an orc knight
 12190 | Bailey   | Killed an orc knight
 12376 | D:8      | Noticed a cyclops
 12532 | D:8      | Noticed a boulder beetle
 12533 | D:8      | Upgraded the game from 0.30-a0-325-gb515db48ae to
                  | 0.30-a0-330-g8f2769a82d
 12535 | D:8      | Noticed a two-headed ogre
 12553 | D:8      | Killed a two-headed ogre
 12554 | D:8      | Reached skill level 5 in Air Magic
 13848 | D:8      | Killed a rakshasa
 14158 | D:8      | Killed a boulder beetle
 14159 | D:8      | Reached skill level 5 in Invocations
 14159 | D:8      | Reached XP level 11. HP: 47/47 MP: 23/28
 14159 | D:8      | Upgraded the game from 0.30-a0-330-g8f2769a82d to
                  | 0.30-a0-335-ge5acde7520
 14764 | D:8      | Learned a level 3 spell: Inner Flame
 14979 | D:8      | Identified the +7 quarterstaff "Acwufu" {flame, Str+6}
 16167 | D:9      | Found a blossoming altar of Fedhas.
 16223 | D:9      | Found a staircase to the Lair.
 16294 | D:9      | Reached skill level 1 in Hexes
 16877 | Lair:1   | Entered Level 1 of the Lair of Beasts
 17608 | Lair:1   | Noticed a minotaur
 17616 | Lair:1   | Found a runed translucent gate.
 17616 | Lair:1   | Found a runed translucent gate.
 17616 | Lair:1   | Found a runed translucent gate.
 17632 | Lair:1   | Reached *** piety under Sif Muna
 17648 | Lair:1   | Noticed hofbold's ghost (journeyman DrAr)
 18181 | Lair:1   | Hit by a javelin thrown by a minotaur

Illustrated notes

Levels and vault maps discovered:
D:1:      nagdon_arrival_double_spiral, layout_basic, grunt_decor_resistance
D:2:      layout_loops_ring, serial_shops, nicolae_square_shop,
          shapermc_ecumenical_altar_starsandcircs
D:3:      layout_rooms, minmay_randomly_rotated_circles
D:4:      layout_basic, kennysheep_little_box, uniq_crazy_yiuf_cottage
D:5:      layout_basic, makhleb_altar_promises_db, uniq_pikel, uniq_eustachio
D:6:      layout_basic, mainiacjoe_overflow_boulevard,
          minmay_temple_entry_glassed_door, serial_shops,
          nicolae_shop_temple_entry_statues_fountains, hangedman_decor_lopped,
          minmay_shop_grid_forest, uniq_menkaure, uniq_maggie
D:7:      layout_cave_pools, gammafunk_temple_overflow_wave,
          ebering_ghost_reflecting_pool
D:8:      nzn_winding_woodlands_cross [nzn_winding_woodlands_5x15_longhouse,
          nzn_winding_woodlands_5x15_twine, nzn_winding_woodlands_5x15_eye,
          nzn_winding_woodlands_5x15_concentric,
          nzn_winding_woodlands_15x15_eel_pit], layout_cave_pods,
          enter_bailey_5, minmay_diamond_spiral
D:9:      layout_basic, fedhas_ov_isle_minmay, erik_lair_orcish_takeover
Temple:   nicolae_temple_bog_church
Lair:1:   layout_gridlike, maelrawn_ghost_gauntlet_escape

Skill      XL: |  1  2  3  4  5  6  7  8  9 10 11 |
---------------+----------------------------------+-----
Spellcasting   | 3 4 5 7 10 11 12 | 12.1
Stealth        | 4 5 6 7 9 10 11 | 11.1
Fire Magic     | 3 4 6 8 |  8.1
Dodging        | 3 6 8 |  8.0
Evocations     | 3 |  3.1
Air Magic      | 3 6 |  6.3
Invocations    | 5 |  5.4
Hexes          | 3 |  3.3
Conjurations   | |  0.6

Action                   |  1- 3 |  4- 6 |  7- 9 | 10-12 || total
-------------------------+-------+-------+-------+-------++-------
Melee: Dagger            |     8 |     5 |       |       ||    13
       Spear             |     2 |       |       |       ||     2
       Punch             |     1 |       |       |       ||     1
Throw: Dart              |       |       |     6 |       ||     6
 Cast: Foxfire           |    78 |   110 |   336 |   216 ||   740
       Scorch            |     2 |    26 |    37 |   142 ||   207
       Summon Small Mamm |       |       |    28 |   146 ||   174
       Inner Flame       |       |       |       |    29 ||    29
Invok: Channel Magic     |       |       |       |     7 ||     7
Evoke: Wand              |       |       |     1 |     6 ||     7
  Use: Scroll            |     5 |     6 |     5 |     6 ||    22
       Potion            |       |       |     2 |     5 ||     7
Armor: Robe              |     5 |       |     4 |     3 ||    12
Dodge: Dodged            |    15 |     2 |    68 |    33 ||   118

Table legend: (Time is in decaauts)
 A = Elapsed time spent in this place.
 B = Non-inter-level travel time spent in this place.
 C = Inter-level travel time spent in this place.
 D = Time resting spent in this place.
 E = Time spent auto-exploring this place.
 F = Levels seen in this place.
 G = Mean time per level.
                   A        B        C        D        E       F      G
               +--------+--------+--------+--------+--------+-----+--------+
         Total |  14073 |  13683 |    390 |   5676 |   3351 |  12 | 1172.8 |
       Dungeon |  12483 |  12093 |    390 |   5122 |   2763 |   9 | 1387.0 |
        Temple |     23 |     23 |      0 |      0 |      1 |   1 |   23.0 |
          Lair |    939 |    939 |      0 |    169 |    571 |   1 |  939.0 |
        Bailey |    627 |    627 |      0 |    385 |     15 |   1 |  627.0 |
               +--------+--------+--------+--------+--------+-----+--------+

Top non-repeatable levels by time:
     D:8: 2758 daAuts
     D:5: 2081 daAuts
     D:4: 1593 daAuts
     D:1: 1185 daAuts
     D:7: 1115 daAuts
     D:9: 1097 daAuts
     D:6: 993 daAuts
  Lair:1: 939 daAuts
     D:3: 895 daAuts
     D:2: 763 daAuts
  Bailey: 627 daAuts
  Temple: 23 daAuts
